[ AOE2 MATCH · #507831928 ]
UnrankedSicilians vs Koreans
Player's team · LOSS
Rival team · WIN
[ REPLAY ANALYSIS · EXTRACTED FROM THE RECORDED GAME ]
Feudal
9:30
Castle
—
Imperial
—
| APM avg | 83.6 |
| APM peak | 123 |
| eAPM avg | 29.6 |
| Villagers / military | 43 / 3 |
Focus
⚔️ 32.7% · 🌾 67.3%
Serjeant ×3
Feudal
9:48
Castle
—
Imperial
—
| APM avg | 49.1 |
| APM peak | 73 |
| eAPM avg | 20.6 |
| Villagers / military | 31 / 7 |
Focus
⚔️ 33.2% · 🌾 66.8%
Militia ×4 · Archer ×3
Match map
Initial resources + every placement click. Lines = walls · curves = elevation contours. ◆ gold · ⬟ stone · ● berries · ✦ relic · ◌ wall gap
Your base· Open — unwalled flank
Edutosu's base· Open — unwalled flank
Smoothed initial terrain · ◌ = detected wall gap · hover for details
Inputs per minute
— Im_16Years_Old_IamCaPte - - Edutosu
Build order — Im_16Years_Old_IamCaPte
91 actions detected in the replay
| 0:00 | Queue | Villager (Male) |
| 0:01 | Queue | Villager (Male) |
| 0:02 | Build | House |
| 0:02 | Build | House |
| 0:39 | Queue | Villager (Male) |
| 0:39 | Queue | Villager (Male) |
| 0:39 | Queue | Villager (Male) |
| 0:39 | Queue | Villager (Male) |
| 1:29 | Queue | Villager (Male) |
| 1:29 | Queue | Villager (Male) |
| 1:49 | Queue | Villager (Male) |
| 1:49 | Queue | Villager (Male) |
| 2:12 | Build | Lumber Camp |
| 2:13 | Queue | Villager (Male) |
| 2:41 | Build | House |
| 2:46 | Queue | Villager (Male) |
| 3:02 | Queue | Villager (Male) |
| 3:03 | Queue | Villager (Male) |
| 3:36 | Queue | Villager (Male) |
| 3:36 | Queue | Villager (Male) |
| 3:37 | Queue | Villager (Male) |
| 4:01 | Queue | Villager (Male) |
| 4:01 | Queue | Villager (Male) |
| 4:24 | Queue | Villager (Male) |
| 4:24 | Queue | Villager (Male) |
| 4:24 | Queue | Villager (Male) |
| 4:46 | Build | Mill |
| 4:48 | Queue | Villager (Male) |
| 4:48 | Queue | Villager (Male) |
| 5:22 | Queue | Villager (Male) |
| 5:31 | Queue | Villager (Male) |
| 5:32 | Queue | Villager (Male) |
| 5:32 | Queue | Villager (Male) |
| 5:54 | Queue | Villager (Male) |
| 6:01 | Research | Loom |
| 6:04 | Queue | Villager (Male) |
| 6:04 | Queue | Villager (Male) |
| 6:04 | Queue | Villager (Male) |
| 6:21 | Build | House |
| 6:34 | Research | Loom |
| 6:50 | Build | Mining Camp |
| 7:14 | Build | Mining Camp |
| 7:20 | Research | Feudal Age |
| 7:20 | Research | Feudal Age |
| 7:20 | Research | Feudal Age |
| 8:59 | Build | Donjon |
| 9:03 | Build | Palisade Wall |
| 9:05 | Build | Palisade Wall |
| 9:08 | Build | Palisade Wall |
| 9:09 | Build | Palisade Wall |
| 9:09 | Build | Palisade Wall |
| 9:16 | Build | Palisade Wall |
| 9:16 | Build | Palisade Wall |
| 9:22 | Build | Palisade Wall |
| 9:23 | Build | Palisade Wall |
| 9:30 | Age | Feudal Age |
| 9:32 | Queue | Villager (Male) |
| 9:32 | Queue | Villager (Male) |
| 9:32 | Queue | Villager (Male) |
| 9:37 | Build | Blacksmith |
| 9:53 | Queue | Serjeant |
| 9:53 | Queue | Serjeant |
| 9:53 | Queue | Serjeant |
| 10:18 | Build | Farm |
| 10:24 | Research | Scale Mail Armor |
| 10:24 | Research | Scale Mail Armor |
| 10:42 | Build | Farm |
| 11:09 | Build | House |
| 11:16 | Build | Donjon |
| 11:48 | Build | Farm |
| 11:50 | Build | Farm |
| 12:23 | Build | Donjon |
| 12:35 | Build | Donjon |
| 12:48 | Build | Donjon |
| 13:08 | Build | Gate |
| 13:14 | Build | Stone Wall |
| 13:14 | Build | Stone Wall |
| 13:20 | Queue | Villager (Male) |
| 13:21 | Queue | Villager (Male) |
| 13:21 | Queue | Villager (Male) |
| 13:29 | Build | Stone Wall |
| 13:31 | Build | Stone Wall |
| 13:40 | Queue | Villager (Male) |
| 13:40 | Queue | Villager (Male) |
| 13:41 | Queue | Villager (Male) |
| 13:53 | Build | Farm |
| 13:55 | Build | Farm |
| 14:10 | Build | House |
| 14:13 | Queue | Villager (Male) |
| 14:14 | Queue | Villager (Male) |
| 14:24 | Build | House |
Build order — Edutosu
74 actions detected in the replay
| 0:00 | Queue | Villager (Male) |
| 0:01 | Queue | Villager (Male) |
| 0:02 | Build | House |
| 0:03 | Build | House |
| 0:13 | Queue | Villager (Male) |
| 0:13 | Queue | Villager (Male) |
| 1:30 | Queue | Villager (Male) |
| 1:30 | Queue | Villager (Male) |
| 1:48 | Build | Lumber Camp |
| 2:03 | Queue | Villager (Male) |
| 2:16 | Queue | Villager (Male) |
| 2:48 | Queue | Villager (Male) |
| 2:48 | Queue | Villager (Male) |
| 3:00 | Queue | Villager (Male) |
| 3:30 | Queue | Villager (Male) |
| 3:48 | Queue | Villager (Male) |
| 3:50 | Build | House |
| 4:11 | Build | House |
| 4:40 | Queue | Villager (Male) |
| 4:40 | Queue | Villager (Male) |
| 4:40 | Queue | Villager (Male) |
| 5:00 | Build | Mill |
| 5:28 | Queue | Villager (Male) |
| 5:28 | Queue | Villager (Male) |
| 5:28 | Queue | Villager (Male) |
| 6:19 | Queue | Villager (Male) |
| 6:39 | Queue | Villager (Male) |
| 7:08 | Research | Loom |
| 7:20 | Build | Barracks |
| 7:38 | Research | Feudal Age |
| 7:38 | Research | Feudal Age |
| 7:38 | Research | Feudal Age |
| 8:00 | Build | House |
| 8:02 | Build | House |
| 8:03 | Queue | Militia |
| 8:03 | Queue | Militia |
| 8:06 | Build | Mining Camp |
| 8:53 | Queue | Militia |
| 8:54 | Queue | Militia |
| 9:31 | Build | Mining Camp |
| 9:32 | Queue | Villager (Male) |
| 9:48 | Age | Feudal Age |
| 9:51 | Queue | Villager (Male) |
| 9:53 | Research | Man-at-Arms (upgrade) |
| 9:54 | Research | Man-at-Arms (upgrade) |
| 9:56 | Build | Palisade Wall |
| 10:21 | Build | Watch Tower |
| 10:24 | Queue | Villager (Male) |
| 10:28 | Build | Archery Range |
| 10:29 | Queue | Villager (Male) |
| 11:11 | Queue | Villager (Male) |
| 11:27 | Queue | Villager (Male) |
| 12:12 | Build | Palisade Wall |
| 12:13 | Build | Palisade Wall |
| 12:14 | Build | Palisade Wall |
| 12:14 | Build | Palisade Wall |
| 12:15 | Build | Palisade Wall |
| 12:34 | Build | Farm |
| 12:35 | Build | Farm |
| 12:36 | Build | Farm |
| 12:37 | Queue | Archer |
| 12:37 | Queue | Archer |
| 13:13 | Build | Palisade Wall |
| 13:14 | Build | Palisade Wall |
| 13:30 | Build | Watch Tower |
| 13:38 | Queue | Villager (Male) |
| 13:45 | Queue | Archer |
| 13:50 | Queue | Villager (Male) |
| 13:59 | Build | Palisade Wall |
| 14:00 | Build | Palisade Wall |
| 14:07 | Build | House |
| 14:28 | Queue | Villager (Male) |
| 14:45 | Queue | Villager (Male) |
| 14:51 | Build | Blacksmith |
Match timeline
| 7:20 | Edutosu · first_building Barracks |
| 8:59 | Im_16Years_Old_IamCaPte · first_building Donjon |
| 9:03 | Im_16Years_Old_IamCaPte · wall_segment Palisade Wall x1 |
| 9:05 | Im_16Years_Old_IamCaPte · wall_segment Palisade Wall x1 |
| 9:08 | Im_16Years_Old_IamCaPte · wall_segment Palisade Wall x1 |
| 9:09 | Im_16Years_Old_IamCaPte · wall_segment Palisade Wall x1 |
| 9:09 | Im_16Years_Old_IamCaPte · wall_segment Palisade Wall x1 |
| 9:16 | Im_16Years_Old_IamCaPte · wall_segment Palisade Wall x1 |
| 9:16 | Im_16Years_Old_IamCaPte · wall_segment Palisade Wall x1 |
| 9:22 | Im_16Years_Old_IamCaPte · wall_segment Palisade Wall x1 |
| 9:23 | Im_16Years_Old_IamCaPte · wall_segment Palisade Wall x1 |
| 9:30 | Im_16Years_Old_IamCaPte · age_up feudal |
| 9:48 | Edutosu · age_up feudal |
| 9:56 | Edutosu · wall_segment Palisade Wall x1 |
| 10:28 | Edutosu · first_building Archery Range |
| 12:12 | Edutosu · wall_segment Palisade Wall x1 |
| 12:13 | Edutosu · wall_segment Palisade Wall x1 |
| 12:14 | Edutosu · wall_segment Palisade Wall x1 |
| 12:14 | Edutosu · wall_segment Palisade Wall x1 |
| 12:15 | Edutosu · wall_segment Palisade Wall x1 |
| 13:13 | Edutosu · wall_segment Palisade Wall x1 |
| 13:14 | Im_16Years_Old_IamCaPte · wall_segment Stone Wall x1 |
| 13:14 | Edutosu · wall_segment Palisade Wall x1 |
| 13:14 | Im_16Years_Old_IamCaPte · wall_segment Stone Wall x1 |
| 13:29 | Im_16Years_Old_IamCaPte · wall_segment Stone Wall x1 |
| 13:31 | Im_16Years_Old_IamCaPte · wall_segment Stone Wall x1 |
| 13:59 | Edutosu · wall_segment Palisade Wall x1 |
| 14:00 | Edutosu · wall_segment Palisade Wall x1 |
| 15:04 | Im_16Years_Old_IamCaPte · resign |
[ AI ANALYSIS · 1 CREDIT ]
What really happened in this match?
Wolo.gg analyzes every decision: build order, eco, micro, common mistakes by bracket. Personalized analysis on WhatsApp or Discord in 30 seconds.
Civ guide
Sicilians
Perfil
_I_AM_CAPTE_